Map: Dreamcatcher LE

Players

Serral - Winner!

  • Race: Zerg Zerg
  • League: Master
  • Spawn Location: 11:00

LiquidTaeJa (TaeJa)

  • Race: Terran Terran
  • League: Diamond
  • Spawn Location: 5:00

Event: HomeStory Cup XVIII

VOD

Have the link to the VOD?

Description

Time

  • Played on: Nov. 24, 2018, 11:14 a.m.
  • Length: 14:59

All games in this series

Show
View Real Time Build Order
Export as new Build Order

Serral Zerg - Winner!

Build Orders: Pool First, Muta Ling Bane 

Get SALT Encoding   

  12  0:00  Drone  
  13  0:12  Overlord  
  13  0:17  Drone  
  14  0:30  Drone x2  
  14  0:34  Drone  
  17  0:43  Extractor  
  17  0:45  Drone  
  17  0:49  Spawning Pool  
  16  0:55  Drone  
  17  1:06  Drone  
  18  1:18  Hatchery  
  18  1:23  Drone  
  18  1:36  Queen  
  18  1:37  Zergling x2  
  21  1:45  Metabolic Boost  
  21  1:51  Overlord  
  21  1:56  Zergling x2  
  22  2:10  Drone  
  22  2:11  Drone  
  22  2:12  Queen  
  25  2:23  Drone  
  26  2:31  Queen  
  26  2:35  Drone x2  
  30  2:42  Drone  
  30  2:43  Drone  
  32  2:49  Drone  
  32  2:50  Drone x2  
  35  2:55  Overlord  
  35  3:12  Hatchery  
  34  3:13  Drone  
  34  3:14  Drone  
  34  3:18  Drone x2  
  38  3:21  Drone  
  38  3:24  Drone x2  
  38  3:25  Overlord  
  38  3:26  Drone  
  42  3:32  Overlord  
  42  3:39  Extractor, Queen  
  44  3:44  Lair  
  44  3:46  Drone  
  44  3:47  Drone x2  
  44  3:48  Drone  
  48  3:52  Zergling x2  
  48  3:53  Drone x2  
  51  3:57  Overlord  
  51  3:58  Extractor, Drone  
  51  4:01  Drone  
  52  4:06  Zergling x4  
  54  4:14  Drone x2  
  54  4:15  Drone  
  57  4:21  Queen  
  59  4:24  Baneling Nest  
  59  4:25  Spore Crawler  
  59  4:29  Overlord  
  59  4:30  Zergling x4  
  59  4:33  Queen  
  59  4:35  Zergling x2  
  59  4:36  Zergling x2  
  63  4:41  Overseer, Queen  
  63  4:42  Drone  
  63  4:43  Drone  
  63  4:44  Drone  
  68  4:49  Overlord  
  68  4:50  Drone x2  
  70  4:54  Drone x2  
  73  5:00  Drone x4  
  73  5:04  Spore Crawler  
  75  5:08  Centrifical Hooks  
  75  5:10  Baneling x3  
  75  5:13  Zergling x4  
  77  5:14  Drone  
  77  5:15  Drone  
  77  5:18  Overlord  
  77  5:19  Drone  
  80  5:23  Drone  
  80  5:24  Drone  
  82  5:29  Extractor  
  82  5:30  Extractor  
  82  5:33  Extractor  
  79  5:35  Drone  
  79  5:36  Drone x2  
  79  5:37  Overlord, Evolution Chamber  
  79  5:38  Drone x3  
  79  5:39  Evolution Chamber  
  79  5:40  Overlord  
  79  5:41  Overseer  
  83  5:43  Zergling x4  
  83  5:44  Drone  
  83  5:47  Drone, Spore Crawler  
  83  5:49  Drone  
  87  5:53  Drone  
  87  5:57  Drone  
  87  6:04  Drone x5  
  87  6:06  Zerg Ground Armor Level 1, Zerg Melee Weapons Level 1  
  87  6:09  Drone  
  87  6:11  Drone x2  
  91  6:12  Drone  
  91  6:17  Drone x3  
  91  6:18  Drone  
  96  6:23  Drone x2  
  98  6:29  Extractor  
  97  6:33  Spire  
  97  6:36  Drone x3  
  97  6:37  Hatchery  
  97  6:39  Zergling x8  
  102  6:43  Baneling  
  102  6:44  Baneling x5  
  102  6:46  Zergling x2  
  103  6:49  Overlord  
  103  6:51  Zergling x6  
  103  6:52  Baneling x4  
  103  6:53  Overlord x2, Baneling x2  
  106  7:00  Baneling x3  
  106  7:02  Overlord  
  106  7:09  Overseer  
  106  7:10  Zergling x4  
  106  7:11  Zergling x8  
  112  7:18  Overlord  
  111  7:24  Overlord x2  
  111  7:26  Overlord  
  111  7:28  Overlord  
  111  7:33  Overlord  
  111  7:44  Zergling x10  
  116  7:56  Mutalisk x10  
  135  7:58  Zerg Flyer Weapons Level 1  
  135  8:02  Zergling x4  
  135  8:04  Zergling x6  
  140  8:11  Queen, Spore Crawler  
  140  8:12  Zerg Ground Armor Level 2  
  141  8:13  Drone x3  
  141  8:14  Drone x2, Zergling x2  
  141  8:17  Zergling x4  
  149  8:22  Overlord  
  149  8:24  Zergling x6  
  149  8:29  Zergling x8  
  149  8:31  Baneling x12  
  149  8:34  Zergling x8  
  154  8:37  Zergling x8, Baneling x4  
  154  8:41  Zergling x2  
  159  8:45  Zerg Melee Weapons Level 2  
  159  8:49  Zergling x6  
  159  8:55  Overlord  
  162  8:59  Zergling x8  
  162  9:01  Baneling x10  
  149  9:10  Zergling x22  
  149  9:11  Zergling x2  
  149  9:12  Hatchery, Baneling x7  
  149  9:15  Zergling x2  
  156  9:20  Baneling x5  
  156  9:23  Zergling x12  
  152  9:26  Zergling x2  
  151  9:37  Zergling x8  
  138  9:41  Zergling x4  
  138  9:42  Baneling x8  
  138  9:45  Zergling x2  
  132  9:52  Zergling x26  
  145  9:59  Infestation Pit  
  144  10:08  Drone x3  
  144  10:09  Extractor x2  
  144  10:10  Drone x3  
  144  10:13  Zergling x2  
  149  10:17  Baneling x23  
  149  10:21  Zergling x12  
  155  10:25  Zergling x2  
  148  10:31  Zergling x6  
  142  10:37  Hive  
  142  10:39  Drone x2  
  142  10:42  Mutalisk x3  
  148  10:44  Zergling x2  
  148  10:49  Zergling x12  
  159  10:50  Zergling x4  
  159  10:58  Zergling x12  
  159  10:59  Zergling x4  
  159  11:02  Drone x2  
  169  11:08  Baneling x8  
  169  11:10  Zergling x8  
  172  11:16  Mutalisk x5  
  180  11:21  Drone x5  
  180  11:24  Baneling x4  
  183  11:27  Zergling x14  
  183  11:29  Hatchery  
  183  11:31  Overseer  
  183  11:32  Pneumatized Carapace  
  189  11:34  Zergling x6  
  189  11:35  Spore Crawler, Baneling x2  
  189  11:36  Zergling x4  
  189  11:37  Zergling x4  
  193  11:54  Zergling x18  
  199  12:02  Zerg Melee Weapons Level 3  
  199  12:04  Adrenal Glands  
  199  12:05  Zerg Ground Armor Level 3  
  191  12:20  Zergling x18  
  200  12:25  Ultralisk Cavern  
  200  12:28  Zergling x12  
  195  12:33  Baneling x13  
  184  12:42  Zergling x16  
  181  12:58  Zergling x12  
  187  13:02  Overseer  
  187  13:05  Baneling  
  187  13:06  Baneling x10  
  187  13:07  Baneling x3  
  187  13:08  Zergling x22  
  197  13:21  Chitinous Plating  
  197  13:25  Baneling x9  
  191  13:42  Zergling x14  
  190  13:54  Zergling x16  
  190  13:58  Baneling x20  
  190  14:01  Overlord x2  
  190  14:04  Baneling x18  
  190  14:11  Overlord  
  184  14:30  Zergling x26  
  200  14:35  Baneling x17  
  198  14:40  Zergling x8  
  198  14:42  Baneling x6  
  198  14:43  Baneling  
Show
View Real Time Build Order
Export as new Build Order

LiquidTaeJa Terran 

Build Orders: Reaper Expand, Hellion Banshee 

Get SALT Encoding   

  12  0:00  SCV  
  13  0:12  SCV  
  14  0:16  Supply Depot  
  14  0:24  SCV  
  15  0:38  SCV  
  15  0:40  Barracks  
  16  0:44  Refinery  
  16  0:50  SCV  
  17  1:02  SCV  
  18  1:14  SCV  
  19  1:27  Reaper, Orbital Command  
  20  1:40  Command Center  
  20  1:50  Supply Depot  
  20  1:53  SCV  
  21  1:59  Marine  
  22  2:05  SCV  
  23  2:09  Factory  
  23  2:15  Refinery  
  23  2:17  SCV  
  23  2:21  Barracks Reactor  
  24  2:29  SCV  
  25  2:41  SCV  
  26  2:56  Starport  
  26  2:57  SCV  
  26  2:58  Orbital Command  
  26  3:04  Hellion  
  26  3:05  Hellion, Barracks Tech Lab  
  30  3:09  SCV  
  30  3:23  SCV  
  30  3:26  Hellion x2  
  34  3:27  SCV  
  35  3:36  SCV  
  35  3:39  Supply Depot, SCV  
  35  3:40  Cloaking Field, Banshee  
  40  3:43  Barracks Tech Lab  
  40  3:48  SCV  
  40  3:51  Hellion, SCV  
  40  3:55  Hellion  
  46  4:02  Stimpack  
  46  4:03  SCV x2  
  46  4:07  Marine  
  49  4:11  Supply Depot  
  49  4:17  SCV x2  
  49  4:22  Banshee  
  54  4:31  Command Center  
  54  4:32  SCV x2  
  54  4:35  Supply Depot  
  54  4:36  Factory Reactor  
  54  4:38  Marine  
  57  4:44  SCV x2  
  59  4:48  Engineering Bay x2  
  59  4:57  SCV x2  
  59  4:58  Marine  
  62  5:06  Barracks  
  62  5:08  Supply Depot  
  62  5:09  SCV  
  62  5:10  Barracks, SCV  
  62  5:11  Starport Reactor  
  64  5:17  Terran Infantry Weapons Level 1, Terran Infantry Armor Level 1  
  64  5:22  SCV x2  
  64  5:23  Marine  
  64  5:24  Refinery x2  
  67  5:30  Factory Reactor  
  67  5:34  SCV  
  67  5:35  SCV  
  69  5:37  Supply Depot  
  69  5:42  Orbital Command  
  69  5:45  Marine  
  69  5:47  SCV x2  
  72  5:54  Marine  
  72  5:56  Barracks  
  73  6:00  Marine  
  74  6:06  SCV x2  
  74  6:11  Marine x3  
  76  6:13  Barracks  
  76  6:14  Combat Shield  
  76  6:16  SCV  
  80  6:18  SCV  
  80  6:19  Medivac x2  
  80  6:20  Supply Depot  
  80  6:21  Marine x2  
  80  6:25  Supply Depot  
  87  6:29  Marine, SCV  
  90  6:33  Marine x2  
  90  6:35  Widow Mine x2  
  90  6:36  Orbital Command  
  90  6:39  Supply Depot  
  95  6:41  Supply Depot, SCV x2  
  95  6:45  Marine x2  
  95  6:46  Barracks Reactor  
  99  6:50  Medivac x2  
  99  6:53  SCV  
  99  6:54  SCV  
  105  6:56  Marine x3  
  105  6:58  Armory, Supply Depot  
  108  7:02  SCV  
  108  7:06  Widow Mine x2, SCV  
  108  7:07  Barracks Reactor  
  108  7:08  SCV  
  115  7:11  Marine  
  115  7:12  Marine  
  115  7:14  SCV  
  118  7:18  Marine x2  
  118  7:19  Supply Depot  
  118  7:22  Supply Depot  
  120  7:28  Marine x2  
  126  7:30  Widow Mine x2  
  126  7:32  SCV x2  
  126  7:33  Factory, SCV  
  126  7:34  Refinery  
  126  7:35  Marine x2, Marauder  
  126  7:36  Concussive Shells  
  133  7:38  Medivac x2  
  137  7:46  Terran Infantry Weapons Level 2  
  137  7:49  Marine x3  
  137  7:50  Supply Depot, Marine x2  
  142  7:53  Widow Mine x2  
  146  7:58  Marine x2  
  146  7:59  Marine x2  
  146  8:04  Terran Infantry Armor Level 2  
  150  8:06  Marine  
  150  8:07  Marine x3  
  150  8:11  Marine  
  155  8:15  Terran Vehicle And Ship Armor Level 1  
  155  8:16  Marine  
  155  8:17  Marauder  
  158  8:27  Marine  
  158  8:28  Unknown  
  158  8:30  Widow Mine x2, Factory Tech Lab  
  163  8:34  Marine x2  
  165  8:44  Marine  
  165  8:45  Command Center  
  165  8:46  Marine x2  
  165  8:47  Marine x2  
  165  8:48  Marauder  
  165  8:54  Missile Turret  
  165  8:55  Drilling Claws  
  165  9:01  Unknown  
  165  9:05  Marine  
  165  9:06  Marine  
  165  9:08  Marine  
  165  9:09  Widow Mine x3  
  159  9:10  Marauder  
  159  9:11  Medivac x2  
  159  9:12  Marine x4  
  164  9:23  Marine  
  165  9:24  Missile Turret  
  165  9:29  Supply Depot  
  165  9:31  Marine x2  
  165  9:35  Widow Mine, Marine x2  
  165  9:36  Widow Mine, Marauder  
  127  9:39  Marine x3  
  127  9:41  Marine  
  127  9:45  SCV  
  117  9:49  Marine x2  
  117  9:53  Marine x2  
  117  9:56  SCV  
  117  9:57  Marauder, Siege Tank, SCV  
  117  9:59  Marine x2  
  128  10:04  Widow Mine x2  
  132  10:16  Planetary Fortress  
  132  10:18  Marauder  
  132  10:19  SCV x2  
  132  10:20  Terran Infantry Weapons Level 3, SCV  
  137  10:22  Marine x2  
  137  10:23  Missile Turret  
  137  10:26  Marine x3  
  137  10:31  SCV  
  137  10:32  Marine x2  
  137  10:34  Marine, SCV x2  
  139  10:36  Widow Mine x3  
  139  10:39  Marine, Terran Infantry Armor Level 3  
  146  10:48  Missile Turret  
  146  10:49  SCV x2  
  149  10:50  Missile Turret, Marine x4, SCV  
  149  10:55  Missile Turret  
  149  10:56  Marine x2  
  155  11:02  Widow Mine x2  
  159  11:10  Marauder  
  158  11:14  Widow Mine  
  158  11:17  Marine x2  
  160  11:22  Marine x2  
  160  11:23  Widow Mine  
  160  11:25  Medivac x2  
  161  11:31  Marine x3  
  161  11:32  Marauder  
  166  11:38  Marine, Barracks x3  
  166  11:39  Marine  
  168  11:43  Marine x3  
  171  11:49  Marine  
  171  11:53  Marine x2  
  171  11:54  Marauder  
  171  11:56  Marine x2  
  171  11:59  Widow Mine x3  
  171  12:00  Marine  
  179  12:08  Marine  
  171  12:16  Marine x2  
  171  12:17  Marauder  
  171  12:22  Supply Depot  
  175  12:26  Thor  
  175  12:28  Marine x2  
  175  12:29  Marine x2  
  162  12:30  Barracks Tech Lab x2  
  162  12:31  Barracks Tech Lab  
  162  12:34  Supply Depot  
  162  12:35  Supply Depot x2  
  156  12:38  Marauder  
  156  12:40  Marine x2  
  156  12:43  Marine x2  
  156  12:44  Widow Mine x2, Unknown x5  
  147  12:46  Marine x2  
  147  12:50  Marine  
  147  12:51  Marine, Marauder  
  155  12:52  Marine x2  
  157  12:58  Marine x2  
  157  13:00  Marauder, Marine  
  157  13:01  Sensor Tower  
  157  13:02  Marine  
  157  13:04  Missile Turret, Marine, Command Center  
  157  13:05  Neosteel Armor  
  164  13:06  Widow Mine  
  164  13:07  Widow Mine  
  164  13:10  Marauder  
  164  13:11  Marine x2  
  164  13:12  Marine  
  173  13:22  Widow Mine, Marine x2, Marauder  
  177  13:28  Widow Mine x2, Marine x3  
  181  13:39  Command Center  
  181  13:40  SCV x2  
  181  13:42  Supply Depot  
  181  13:43  Widow Mine  
  179  13:49  Marine x4, Marauder  
  174  14:15  Marine x3, Marauder  
  174  14:16  Marauder x2  
  180  14:19  Marine  
  180  14:21  Widow Mine x2  
  180  14:22  Marine x3  
  180  14:23  Marine  
  181  14:26  Widow Mine  
  181  14:28  Marine  
  165  14:33  Marine x2  
  165  14:37  Marauder  
Tags
 
Add a new tag
Caveats
  • Supply blocks, unpowered buildings, or Contaminate may cause inaccurate times.
  • Supply counts are checked every 10 seconds.